 Dungeon Crawl Stone Soup version 0.28-a0-1435-g82390b3a13 (webtiles) character file.

Game seed: 1775861477853470647

3187 karrick the Basher (level 9, -2/55 HPs)
             Began as a Gargoyle Fighter on Jan 9, 2022.
             Was a Believer of Okawaru.
             Slain by an orc warrior (11 damage)
             ... in a bailey.
             The game lasted 00:13:55 (7926 turns).

karrick the Basher (Gargoyle Fighter)               Turns: 7926, Time: 00:13:57

Health: -2/55      AC: 28    Str: 20    XL:     9   Next: 95%
Magic:  9/9        EV: 16    Int:  9    God:    Okawaru [**....]
Gold:   465        SH: 11    Dex: 16    Spells: 8/8 levels left

rFire   . . .      SeeInvis .   F - +2 mace (protect)
rCold   . . .      Faith    .   c - +0 buckler
rNeg    + + .      Spirit   .   G - +5 ring mail "Rimodiss" {Regen+ Dex+3 Slay-2}
rPois   ∞          Reflect  +   s - +0 helmet
rElec   +          Harm     .   (no cloak)
rCorr   .          Rampage  .   I - +0 pair of gloves
Will    .....                   o - +0 pair of boots
Stlth   ++........              D - amulet of reflection
HPRegen 0.98/turn               y - ring of positive energy
MPRegen 0.11/turn               K - +4 ring of evasion

@: under a protective aura
A: sickness immunity, AC +6, negative energy resistance 1, electricity
resistance, torment resistance 1, petrification resistance
a: Renounce Religion, Heroism


You were in a bailey.
You worshipped Okawaru.
Okawaru was pleased with you.
You visited 2 branches of the dungeon, and saw 9 of its levels.
You also visited: Bailey.

You collected 465 gold pieces.

Inventory:

Hand Weapons
 a - a +0 flail
 n - the +1 great sword "Bulurgh" {venom, rC++ Will++ Str-5}
   (You found it on level 3 of the Dungeon)

   It poisons the flesh of those it strikes.
   Str:       It affects your strength (-5).
   rC:        It greatly protects you from cold.
   Will:      It greatly increases your willpower.
 v - a +2 falchion of holy wrath
 F - a +2 mace of protection (weapon)
Missiles
 m - 7 boomerangs (quivered)
 u - 3 silver boomerangs
Armour
 b - a +0 scale mail
 c - a +0 buckler (worn)
 o - a +0 pair of boots (worn)
 s - a +0 helmet (worn)
 E - an orb of guile
 G - the +5 ring mail "Rimodiss" (worn) {Regen+ Dex+3 Slay-2}
   (You found it on level 5 of the Dungeon)

   Dex:       It affects your dexterity (+3).
   Slay:      It affects your accuracy & damage with ranged weapons and melee
   (-2).
   Regen:     It increases your rate of health regeneration.
 H - an orb of wrath
 I - a +0 pair of gloves (worn)
Jewellery
 y - a ring of positive energy (left hand)
 D - an amulet of reflection (around neck)
 K - a +4 ring of evasion (right hand)
 M - a ring of fire
Wands
 x - a wand of mindburst (11)
 J - a wand of iceblast (6)
 N - a wand of paralysis (5)
Scrolls
 e - 2 scrolls of enchant armour
 j - a scroll of fear
 k - 5 scrolls of identify
 l - 4 scrolls of teleportation
 q - a scroll of enchant weapon
 L - a scroll of holy word
Potions
 d - 2 potions of might
 f - a potion of flight {unknown}
 g - 3 potions of mutation {unknown}
 h - a potion of resistance {unknown}
 i - a potion of attraction {unknown}
 p - 2 potions of cancellation {unknown}
 r - 4 potions of curing {unknown}
 t - 2 potions of haste {unknown}
 w - a potion of ambrosia {unknown}
 z - 2 potions of heal wounds {unknown}
 A - 2 potions of brilliance {unknown}
 B - a potion of magic {unknown}
 C - a potion of degeneration {unknown}
 O - a potion of experience
 P - 2 potions of invisibility {unknown}


   Skills:
 + Level 6.2 Fighting
 + Level 8.5 Maces & Flails
 + Level 6.6 Armour
 + Level 3.6 Dodging
 + Level 3.3 Stealth
 + Level 7.2 Shields
 + Level 0.1 Invocations
 + Level 0.3 Evocations


You had 8 spell levels left.
You didn't know any spells.
Your spell library contained the following spells:

 Spells                   Type           Power      Damage    Failure   Level
 Static Discharge         Conj/Air       0%         N/A       77%         2
 Frozen Ramparts          Ice            0%         1d2       94%         3
 Dispel Undead            Necr           0%         3d6       100%        4
 Ice Form                 Ice/Tmut       0%         N/A       100%        4
 Passage of Golubria      Tloc           0%         N/A       100%        4
 Sticky Flame             Conj/Fire      0%         2d3       100%        4
 Yara's Violent Unravell  Hex/Tmut       0%         3d3       100%        5
 Tukima's Dance           Hex            Unusable   N/A       N/A         3
 Summon Ice Beast         Ice/Summ       Unusable   N/A       N/A         4

Dungeon Overview and Level Annotations

Branches:
Dungeon (8/15)             Temple (1/1) D:4          Bailey (1/1)
   Lair: D:8-11

Altars:
Ashenzari
Cheibriados
Dithmenos
Elyvilon
Fedhas
Gozag
Hepliaklqana
Kikubaaqudgha
Makhleb
Nemelex Xobeh
Okawaru
Qazlal
Ru
Sif Muna
Trog
Uskayaw
Vehumet
Wu Jian
Xom
Yredelemnul
Zin
The Shining One

Shops:
D:5 =

Annotations:
D:5 1 runed translucent door, AbsoluteStateOfPlay's ghost, novice MiBe


Innate Abilities, Weirdness & Mutations

You are immune to sickness and miasma.
Your stone body is resilient. (AC +6)
You are immune to poison.
You resist negative energy. (rN+)
You are resistant to electric shocks. (rElec)
You are resistant to unholy torment.
You are immune to petrification.


Message History

The helpless orc knight fails to defend itself.
You sock the orc knight!
You kill the orc knight!
Okawaru is honoured by your kill.
The orc no longer looks unusually strong.
You block the orc warrior's attack.
Your Stealth skill increases to level 3!
Your Shields skill increases to level 7!
Unknown command.
Unknown command.
You closely miss the orc knight.
The orc warrior no longer looks unusually strong.
You block the orc warrior's attack.
The orc knight roars a battlecry!
The orcs go into a battle-frenzy!
You hit the orc knight but do no damage.
You block the orc warrior's attack.
The orc knight hits you with a +0 glaive!!
Ouch! That really hurt!
You are too injured to fight recklessly!
Aiming: Paralyse
Press: ? - help, Shift-Dir - straight line, f - orc knight
Aim: an orc knight, wielding a +0 glaive and wearing a +0 ring mail (strong, chance to affect: 32%)
The orc knight easily resists.
The orc warrior barely misses you. You block the orc knight's attack.
Aiming: Paralyse
Press: ? - help, Shift-Dir - straight line, f/p - orc knight
Aim: an orc knight, wielding a +0 glaive and wearing a +0 ring mail (strong, chance to affect: 32%)
The orc knight easily resists.
The orc warrior hits you from afar with a +0 trident!
* * * LOW HITPOINT WARNING * * *
The orc knight hits you with a +0 glaive.
* * * LOW HITPOINT WARNING * * *
Unknown command.
Aiming: Paralyse
Press: ? - help, Shift-Dir - straight line, f/p - orc knight
Aim: an orc knight, wielding a +0 glaive and wearing a +0 ring mail (strong, chance to affect: 32%)
The orc knight suddenly stops moving!
The orc warrior hits you from afar with a +0 trident!
You die...

#### ############ ...##
##..ooo)..∩.##
o...######...o.#@.....#
##.o#....#...o###.....#
.8..'..o)o.)...8.....∩#
##..#....#....###.....#
....######.....#......#
...## ##........∩.##
#### ############


You could see an orc knight (strong, paralysed), an orc warrior (strong) and an
orc (strong).

Vanquished Creatures
  An orc knight (Bailey)
  Sigmund (D:3)
  Eustachio (D:5)
  2 steam dragons (D:7)
  A hornet zombie (D:5)
  A sky beast (D:3)
  5 orc warriors
  An ogre (D:7)
  A centaur (D:7)
  A phantom (D:6)
  Blork the orc (D:5)
  2 kobold brigands
  3 bullfrogs
  A scorpion (D:5)
  4 electric eels (D:6)
  A bullfrog zombie (D:5)
  4 hounds
  4 orc priests
  A centaur skeleton (D:5)
  A bullfrog skeleton (D:7)
  3 iguanas
  An orc wizard (D:6)
  A killer bee zombie (D:5)
  A howler monkey zombie (D:5)
  7 adders
  3 gnolls (D:3)
  2 howler monkey skeletons
  A shadow imp (D:6)
  2 white imps
  2 dart slugs
  32 orcs
  3 endoplasms
  2 giant cockroaches (D:2)
  11 goblins
  10 hobgoblins
  15 kobolds
  5 ball pythons
  3 bats
  A frilled lizard (D:3)
  4 rats
146 creatures vanquished.

Notes
Turn   | Place    | Note
-------+----------+-------------------------------------------
     0 | D:1      | karrick the Gargoyle Fighter began the quest for the Orb.
     0 | D:1      | Reached XP level 1. HP: 14/14 MP: 1/1
   180 | D:1      | Reached XP level 2. HP: 14/19 MP: 2/2
   645 | D:2      | Reached XP level 3. HP: 9/23 MP: 3/3
  1607 | D:3      | Reached XP level 4. HP: 28/28 MP: 4/4
  1760 | D:3      | Identified the +1 great sword "Bulurgh" {venom, rC++ Will++
                  | Str-5}
  1865 | D:3      | Noticed Sigmund
  1877 | D:3      | Killed Sigmund
  1878 | D:3      | Reached skill level 3 in Maces & Flails
  1878 | D:3      | Reached XP level 5. HP: 19/33 MP: 5/5
  1878 | D:3      | Reached XP level 6. HP: 22/38 MP: 6/6
  2303 | D:3      | Noticed a sky beast
  2324 | D:3      | Reached skill level 4 in Maces & Flails
  2506 | D:3      | Killed a sky beast
  2507 | D:3      | Reached skill level 1 in Dodging
  3020 | D:4      | Reached XP level 7. HP: 28/43 MP: 7/7
  3158 | D:4      | Reached skill level 5 in Armour
  3382 | D:4      | Found a staircase to the Ecumenical Temple.
  3389 | Temple   | Entered the Ecumenical Temple
  3782 | D:5      | Entered Level 5 of the Dungeon
  3802 | D:5      | Reached skill level 5 in Maces & Flails
  4024 | D:5      | Noticed Eustachio
  4041 | D:5      | Killed Eustachio
  4042 | D:5      | Reached skill level 1 in Stealth
  4333 | D:5      | Identified the +5 ring mail "Rimodiss" {Regen+ Dex+3
                  | Slay-2}
  4417 | D:5      | Found a runed translucent door.
  4690 | D:5      | Found an iron altar of Okawaru.
  4697 | D:5      | Reached XP level 8. HP: 48/48 MP: 8/8
  4701 | D:5      | Became a worshipper of Warmaster Okawaru
  5110 | D:5      | Noticed AbsoluteStateOfPlay's ghost (novice MiBe)
  5183 | D:5      | Noticed Blork the orc
  5201 | D:5      | Killed Blork the orc
  5202 | D:5      | Reached skill level 5 in Shields
  5317 | D:5      | Found Caji's Jewellery Shop.
  5725 | D:6      | Reached skill level 5 in Fighting
  5725 | D:6      | Reached skill level 6 in Maces & Flails
  6359 | D:7      | Reached * piety under Okawaru
  6454 | D:7      | Reached skill level 7 in Maces & Flails
  6485 | D:7      | Reached XP level 9. HP: 15/54 MP: 9/9
  7372 | D:7      | Reached ** piety under Okawaru
  7402 | D:7      | Reached skill level 8 in Maces & Flails
  7602 | D:8      | Found a flagged portal.
  7633 | Bailey   | Entered a bailey
  7865 | Bailey   | Noticed an orc knight
  7868 | Bailey   | Noticed an orc knight
  7921 | Bailey   | Killed an orc knight
  7926 | Bailey   | Slain by an orc warrior

Illustrated notes

Levels and vault maps discovered:
D:1:      evilmike_arrival_fibonacci_small, layout_rooms, minivault_4
D:2:      layout_loops_cross, kennysheep_generic_room_8
D:3:      layout_basic, uniq_sigmund
D:4:      layout_rooms, minmay_temple_entry_offerings
D:5:      layout_loops_corners, marbit_many_paths, serial_shops,
          nicolae_square_shop, hellmonk_ghost_happy_afterlife, uniq_eustachio,
          uniq_blork_the_orc
D:6:      layout_cave_pods, kennysheep_boxes
D:7:      cheibrodos_steamvent, layout_basic, amethyst_killhole,
          hangedman_glass_teeth
D:8:      layout_gridville, enter_bailey_3, grunt_ministairs_15,
          minmay_tree_intersection
Temple:   kilobyte_greek_temple
Bailey:   bailey_polearm_5, bailey

Skill      XL: |  1  2  3  4  5  6  7  8  9 |
---------------+----------------------------+-----
Shields        | 4 6 7 |  7.2
Armour         | 4 5 6 |  6.6
Fighting       | 4 5 6 |  6.2
Maces & Flails | 3 4 5 7 8 |  8.5
Dodging        | 1 2 3 |  3.6
Stealth        | 1 3 |  3.3
Invocations    | |  0.1
Evocations     | |  0.3

Action                   |  1- 3 |  4- 6 |  7- 9 || total
-------------------------+-------+-------+-------++-------
Melee: Flail             |    97 |   149 |   126 ||   372
       Mace              |       |       |   462 ||   462
Invok: Heroism           |       |       |     2 ||     2
Evoke: Wand              |       |       |     6 ||     6
  Use: Potion            |       |     2 |       ||     2
       Scroll            |       |       |     8 ||     8
 Stab: Paralysed         |       |       |    10 ||    10
Armor: Scale mail        |    61 |    98 |    69 ||   228
       Ring mail         |       |       |   142 ||   142
Dodge: Dodged            |    51 |    78 |   314 ||   443
Block: Buckler           |    24 |    34 |   312 ||   370
       Reflection        |       |       |     2 ||     2

Table legend: (Time is in decaauts)
 A = Elapsed time spent in this place.
 B = Non-inter-level travel time spent in this place.
 C = Inter-level travel time spent in this place.
 D = Time resting spent in this place.
 E = Time spent auto-exploring this place.
 F = Levels seen in this place.
 G = Mean time per level.
                   A        B        C        D        E       F      G
               +--------+--------+--------+--------+--------+-----+--------+
         Total |   8071 |   7708 |    363 |    142 |   5664 |  10 |  807.1 |
       Dungeon |   7629 |   7272 |    357 |    140 |   5504 |   8 |  953.6 |
        Temple |    152 |    146 |      6 |      0 |    141 |   1 |  152.0 |
        Bailey |    289 |    289 |      0 |      2 |     19 |   1 |  289.0 |
               +--------+--------+--------+--------+--------+-----+--------+

Top non-repeatable levels by time:
     D:5: 1991 daAuts
     D:3: 1385 daAuts
     D:2: 1022 daAuts
     D:6: 923 daAuts
     D:7: 919 daAuts
     D:4: 704 daAuts
     D:1: 607 daAuts
  Bailey: 289 daAuts
  Temple: 152 daAuts
     D:8: 74 daAuts
